Map: Cerulean Fall LE

Players

Goo - Winner!

  • Race: Protoss Protoss
  • League: Master
  • Spawn Location: 1:00

Apoptosis

  • Race: Zerg Zerg
  • League: Diamond
  • Spawn Location: 7:00

VOD

Have the link to the VOD?

Description

Time

  • Played on: Sept. 6, 2018, 7:59 a.m.
  • Length: 18:19
Show
View Real Time Build Order
Export as new Build Order

Goo Protoss - Winner!

Build Orders: 1 Gate Expand, Oracle Opening 

Get SALT Encoding   

  12  0:00  Probe  
  13  0:13  Probe  
  14  0:20  Pylon  
  14  0:25  Probe  
  15  0:38  Gateway, Probe  
  16  0:46  Assimilator  
  16  0:47  Probe  
  16  0:55  Probe  
  18  1:05  Probe  
  19  1:18  Probe  
  20  1:30  Nexus, Probe  
  21  1:37  Pylon  
  21  1:42  Probe  
  22  1:54  Cybernetics Core  
  22  1:57  Assimilator  
  22  1:58  Probe  
  23  2:11  Probe  
  24  2:23  Probe  
  25  2:35  Warp Gate  
  25  2:36  Adept  
  27  2:39  Probe  
  27  2:40  Stargate  
  27  2:43  Probe  
  29  2:48  Probe  
  29  2:54  Adept  
  29  2:55  Probe  
  29  2:57  Gateway  
  31  2:59  Shield Battery  
  31  3:03  Probe  
  34  3:08  Probe  
  34  3:11  Probe  
  35  3:15  Oracle  
  36  3:20  Probe x2  
  36  3:23  Adept  
  43  3:30  Probe  
  43  3:33  Probe  
  45  3:43  Probe  
  46  3:49  Probe  
  46  3:55  Probe  
  46  3:58  Sentry  
  46  4:02  Pylon  
  46  4:03  Assimilator  
  46  4:05  Assimilator  
  46  4:20  Adept, Probe x2  
  46  4:24  Pylon  
  53  4:25  Phoenix  
  53  4:27  Twilight Council  
  52  4:32  Probe x2, Pylon  
  54  4:44  Probe  
  55  4:48  Probe  
  59  4:57  Nexus  
  59  5:00  Probe x2, Pylon  
  59  5:03  Adept  
  59  5:05  Adept  
  65  5:12  Probe  
  66  5:18  Oracle  
  66  5:20  Charge  
  66  5:21  Probe  
  66  5:25  Robotics Facility  
  66  5:28  Probe  
  68  5:30  Adept  
  68  5:31  Adept  
  68  5:32  Shield Battery  
  68  5:34  Probe  
  73  5:40  Gateway x2  
  73  5:41  Gateway, Probe  
  73  5:43  Gateway  
  73  5:44  Probe  
  73  5:49  Probe  
  75  5:52  Probe  
  75  5:55  Assimilator  
  77  5:59  Probe, Assimilator  
  78  6:06  Observer  
  78  6:08  Forge, Probe  
  78  6:11  Forge, Probe  
  81  6:23  Probe  
  81  6:25  Immortal, Probe  
  82  6:26  Probe  
  82  6:30  Stalker x2  
  92  6:34  Void Ray  
  92  6:39  Pylon  
  80  6:56  Protoss Ground Weapons Level 1, Protoss Ground Armor Level 1  
  80  6:59  Pylon  
  80  7:00  Pylon  
  80  7:02  Templar Archives  
  77  7:14  Immortal  
  77  7:17  Pylon  
  77  7:20  Stalker x4  
  77  7:22  Sentry x2  
  93  7:25  Probe  
  94  7:35  Probe  
  95  7:37  Probe  
  95  7:43  Void Ray  
  91  7:59  Pylon  
  91  8:01  Pylon  
  91  8:02  Immortal  
  85  8:15  Probe x2  
  79  8:20  Observer  
  79  8:23  Stalker x2  
  79  8:24  Stalker x2  
  87  8:36  Pylon  
  87  8:37  Pylon  
  87  8:43  Probe  
  87  8:44  Probe  
  89  8:56  Nexus  
  89  9:02  Psionic Storm, Probe  
  90  9:03  Probe  
  90  9:05  High Templar x3  
  90  9:07  High Templar  
  99  9:24  Immortal  
  103  9:25  Probe  
  103  9:26  Probe  
  105  9:37  Shield Battery, Probe  
  106  9:41  Shield Battery  
  106  9:44  Shield Battery  
  106  9:46  Probe  
  106  9:49  Probe, Protoss Ground Weapons Level 2  
  108  9:58  Probe  
  108  9:59  Protoss Ground Armor Level 2  
  109  10:03  Immortal  
  113  10:16  Probe x2  
  113  10:17  Probe  
  113  10:19  Assimilator  
  116  10:27  High Templar  
  118  10:29  Zealot x3  
  118  10:34  Pylon  
  118  10:35  Pylon  
  124  10:41  Pylon  
  124  10:43  Gateway x2, Pylon  
  124  10:52  High Templar x2  
  124  10:53  High Templar  
  128  10:59  Archon  
  122  11:09  Immortal  
  117  11:15  Zealot  
  113  11:24  Probe x3  
  114  11:36  Nexus  
  114  11:37  Gateway, Pylon  
  114  11:38  Gateway  
  114  11:40  Probe x2  
  114  11:41  Gateway x2, Warp Prism, Pylon, Probe  
  114  11:42  Gateway  
  114  11:43  Gateway  
  117  11:48  Assimilator  
  117  11:51  Assimilator  
  119  11:56  Protoss Ground Weapons Level 3  
  119  12:02  Blink  
  119  12:10  Protoss Ground Armor Level 3  
  119  12:14  Robotics Facility, Probe x3  
  122  12:26  Zealot x3, Probe x2  
  129  12:30  Zealot  
  129  12:31  Zealot  
  129  12:37  Zealot  
  115  12:55  Immortal x2  
  111  13:02  Probe x2  
  111  13:03  Probe x2  
  123  13:17  Fleet Beacon, Stargate  
  123  13:20  Stargate, Archon x2  
  123  13:21  High Templar x3  
  123  13:22  High Templar x2  
  123  13:23  Zealot  
  135  13:32  Probe x2  
  135  13:33  Probe x2  
  139  13:34  Immortal  
  143  13:42  Zealot x2  
  143  13:43  Zealot  
  143  13:44  Nexus, Zealot x3  
  155  13:51  Carrier  
  155  13:58  Immortal  
  165  14:04  Graviton Catapult  
  165  14:08  Carrier  
  165  14:11  Protoss Air Weapons Level 1  
  165  14:18  Pylon  
  165  14:20  Assimilator  
  171  14:25  Zealot, Carrier, Assimilator  
  171  14:26  Zealot x2  
  183  14:52  Zealot x4  
  191  14:53  Zealot x2  
  191  14:54  Zealot  
  191  14:55  Zealot  
  199  15:05  Carrier  
  183  15:23  Warp Prism  
  191  15:28  Protoss Shields Level 1  
  191  15:30  Mothership  
  199  15:38  Carrier x2  
  191  15:57  Nexus  
  191  16:01  Protoss Air Weapons Level 2  
  191  16:11  Carrier  
  191  16:19  Pylon  
  191  16:23  Pylon  
  191  16:24  Immortal  
  191  16:25  Assimilator  
  183  16:26  Observer  
  183  16:30  Assimilator  
  183  16:33  Pylon  
  183  16:36  Observer  
  175  17:18  Immortal, Warp Prism  
  181  17:28  High Templar x3  
  187  17:51  High Templar x2  
  187  17:57  High Templar  
  187  17:58  High Templar  
  195  18:02  Archon  
Show
View Real Time Build Order
Export as new Build Order

Apoptosis Zerg 

Build Orders: Hatch First, Lurkers 

Get SALT Encoding   

  12  0:01  Drone  
  13  0:12  Overlord  
  13  0:17  Drone  
  14  0:30  Drone x2  
  14  0:34  Drone  
  17  0:53  Hatchery  
  17  0:55  Drone  
  17  0:58  Drone  
  18  1:09  Extractor  
  17  1:14  Spawning Pool  
  17  1:17  Drone  
  17  1:20  Drone  
  18  1:28  Drone  
  19  1:38  Overlord  
  19  1:50  Drone  
  20  2:01  Zergling x2, Queen  
  22  2:05  Queen  
  22  2:06  Zergling x2  
  26  2:13  Drone  
  27  2:16  Drone  
  27  2:19  Metabolic Boost  
  27  2:21  Drone  
  29  2:26  Drone  
  30  2:32  Drone  
  31  2:37  Overlord  
  31  2:50  Drone x2  
  33  2:55  Drone  
  34  2:58  Drone  
  35  3:05  Hatchery  
  35  3:08  Drone  
  35  3:09  Drone x3  
  35  3:11  Drone  
  39  3:14  Overlord  
  39  3:17  Drone  
  40  3:22  Zergling x4  
  42  3:34  Drone  
  42  3:35  Drone  
  42  3:37  Drone  
  45  3:48  Lair  
  43  3:55  Drone x2  
  43  3:56  Drone  
  43  3:58  Roach Warren  
  43  4:00  Extractor  
  43  4:01  Extractor, Evolution Chamber  
  41  4:04  Zergling x6  
  41  4:06  Drone x4  
  45  4:27  Spore Crawler  
  45  4:28  Zerg Missile Weapons Level 1  
  45  4:31  Spore Crawler, Drone x2  
  43  4:32  Drone x2  
  43  4:33  Drone  
  43  4:37  Overlord  
  43  4:38  Overlord x3  
  48  4:45  Glial Reconstitution  
  48  4:49  Drone x4  
  52  4:55  Roach  
  52  4:56  Roach  
  52  4:59  Roach  
  58  5:06  Spore Crawler  
  57  5:08  Roach x2  
  57  5:09  Roach x2  
  57  5:13  Overlord  
  65  5:15  Roach  
  65  5:20  Roach x2  
  71  5:25  Roach x2  
  71  5:27  Roach  
  77  5:29  Roach  
  77  5:32  Overlord  
  77  5:34  Roach  
  81  5:37  Roach  
  81  5:39  Roach  
  85  5:44  Roach x2  
  85  5:48  Overlord  
  89  5:52  Roach x2  
  89  5:53  Roach  
  89  5:56  Overlord  
  95  6:00  Roach  
  97  6:06  Overlord  
  97  6:07  Roach x2  
  97  6:09  Roach  
  103  6:17  Drone x4  
  103  6:18  Drone x2  
  109  6:33  Spore Crawler  
  109  6:37  Hydralisk Den  
  97  6:55  Roach x3  
  97  6:56  Roach x9  
  121  7:09  Overlord x2  
  121  7:10  Overlord  
  119  7:25  Ravager x2  
  119  7:26  Ravager  
  119  7:28  Ravager x3  
  125  7:31  Roach  
  101  8:06  Roach x9  
  92  8:30  Hydralisk  
  92  8:31  Hydralisk x4  
  102  8:40  Extractor  
  101  8:43  Extractor, Hatchery, Drone x4  
  101  8:44  Extractor  
  102  8:49  Grooved Spines  
  102  8:56  Drone x3  
  105  9:08  Drone x3  
  105  9:09  Hydralisk, Drone x4  
  112  9:14  Zerg Ground Armor Level 1  
  114  9:19  Hydralisk  
  114  9:20  Hydralisk x2  
  120  9:28  Hydralisk  
  120  9:29  Hydralisk x2  
  126  9:33  Zergling x8  
  130  9:44  Hydralisk x3  
  130  9:45  Hydralisk  
  138  9:51  Hydralisk x2  
  142  9:56  Overlord x2  
  142  9:57  Overlord x3  
  142  9:58  Hydralisk  
  142  9:59  Hydralisk  
  142  10:15  Hydralisk x5  
  142  10:16  Hydralisk  
  154  10:24  Muscular Augments  
  154  10:29  Queen  
  156  10:40  Overlord  
  156  10:41  Overlord x4  
  120  11:23  Roach x3  
  120  11:24  Hydralisk x4, Roach x8  
  120  11:25  Hydralisk x6, Roach  
  142  11:33  Ravager x2  
  144  11:43  Zerg Missile Weapons Level 2  
  144  11:49  Drone  
  144  11:50  Lurker Den  
  144  11:51  Hatchery  
  143  12:02  Ravager x4  
  72  12:59  Hydralisk  
  72  13:00  Hydralisk x7  
  72  13:01  Hydralisk x7  
  72  13:02  Hydralisk x3  
  72  13:03  Zergling x6  
  72  13:04  Zergling x18  
  72  13:05  Zergling x4  
  117  13:13  Drone x3  
  117  13:14  Drone  
  121  13:32  Lurker x4  
  121  13:33  Lurker  
  126  13:34  Drone x2  
  126  13:35  Drone x9  
  132  13:52  Drone x7  
  132  13:53  Drone x3  
  132  13:55  Extractor x2  
  131  13:56  Lurker x2  
  131  13:57  Lurker  
  134  14:09  Roach x7  
  152  14:10  Roach x3  
  154  14:21  Hydralisk x4  
  162  14:29  Hatchery  
  161  14:37  Infestation Pit  
  160  14:40  Lurker  
  160  14:41  Lurker x2  
  160  14:43  Hydralisk  
  165  14:59  Roach x8  
  185  15:00  Roach x7  
  161  15:22  Roach x3  
  161  15:23  Roach x8  
  161  15:24  Roach x4  
  191  15:34  Hydralisk x3  
  167  16:09  Hydralisk, Roach x8  
  167  16:10  Hydralisk, Roach x3  
  125  16:36  Roach x7  
  125  16:39  Extractor  
  138  16:43  Roach x4  
  115  17:13  Overlord  
  115  17:21  Hydralisk x8  
  115  17:22  Hydralisk x2  
  135  17:30  Drone x5  
  140  17:52  Hatchery  
  139  18:00  Spire  
  138  18:06  Drone x6  
  138  18:07  Drone x2  
Tags
 
Add a new tag
Caveats
  • Supply blocks, unpowered buildings, or Contaminate may cause inaccurate times.
  • Supply counts are checked every 10 seconds.